 Dungeon Sprint DCSS version 0.23.2-1-ga50397a6bc (webtiles) character file.

Game seed: 16871352938619448888

1946 Kobolds4U the Carver (level 8, -17/114 HPs)
             Began as a Demonspawn Berserker on Apr 26, 2019.
             Was an Elder of Trog.
             Killed from afar by a lindwurm (20 damage)
             ... with a blast of flame
             ... in the Dungeon (Sprint I: "Red Sonja").
             The game lasted 00:05:02 (1001 turns).

Kobolds4U the Carver (Demonspawn Berserker)         Turns: 1001, Time: 00:05:02

Health: -17/114    AC:  5    Str: 22    XL:     8   Next: 98%
Magic:  8/8        EV: 12    Int:  9    God:    Trog [****..]
Gold:   503        SH:  3    Dex: 15    Spells: 7/7 levels left

rFire    . . .     SeeInvis .   a - +0 falchion
rCold    . . .     Gourm    .   f - +0 buckler
rNeg     . . .     Faith    .   k - +0 ring mail
rPois    .         Spirit   .   (no helmet)
rElec    .         Reflect  .   (no cloak)
rCorr    .         Harm     .   (no gloves)
MR       ++...     NoTele   +   (no boots)
Stlth    ..........             (no amulet)
HPRegen  1.29/turn              (no ring)
MPRegen  0.11/turn              (no ring)

@: berserking, regenerating, very quick
A: claws 2, talons 1, demonic guardian 1, powered by pain 2
a: Berserk, Trog's Hand, Brothers in Arms, Renounce Religion


You were in the Dungeon.
You worshipped Trog.
Trog was greatly pleased with you.
You were very hungry.

You visited 1 branch You collected 503 gold pieces.

Inventory:

Hand Weapons
 a - a +0 falchion (weapon)
Armour
 f - a +0 buckler (worn)
 k - a +0 ring mail (worn)
Scrolls
 b - a scroll of remove curse {unknown}
Potions
 d - a potion of curing
 g - 2 potions of magic
 h - a potion of lignification {unknown}


   Skills:
 * Level 11.7 Fighting
 * Level 14.4 Long Blades
 - Level 1.7 Armour
 * Level 4.4 Dodging
 + Level 0.0 Shields


You had 7 spell levels left.
You didn't know any spells.
Your spell library was empty.

Dungeon Overview and Level Annotations

Branches:
Dungeon (1/1)

Altars:
Cheibriados
Dithmenos
Elyvilon
Fedhas
Gozag
Hepliaklqana
Kikubaaqudgha
Makhleb
Nemelex Xobeh
Okawaru
Qazlal
Ru
Sif Muna
Trog
Uskayaw
Vehumet
Wu Jian
Xom
Yredelemnul
Zin
The Shining One
Jiyva
Lugonu

Shops:
D }


Innate Abilities, Weirdness & Mutations

You have very sharp fingernails.
You have sharp toenails.
A weak demonic guardian rushes to your aid.
You sometimes gain power by taking damage.


Message History

The lindwurm bites you!
* * * LOW HITPOINT WARNING * * *
The lindwurm completely misses you.
The lindwurm claws you but does no damage.
Unknown command.
A red film seems to cover your vision as you go berserk!
You feel yourself moving faster!
You feel mighty!
You are feeling very hungry.
The lindwurm bites you!
* * * LOW HITPOINT WARNING * * *
The lindwurm claws you but does no damage.
You block the lindwurm's attack.
You slash the lindwurm! You claw the lindwurm!
The lindwurm is severely wounded.
Your ring mail prevents you from hitting the lindwurm.
You claw the lindwurm!
The lindwurm is almost dead.
The lindwurm breathes flames at you. The blast of flame hits you!!
You die...

####################
†#__#..')..#..#§@k§+
†'^.'..#)..##'#§####
'#__####...'.§#§#
.####§§#####..'.#
.#§§§§c# #+####
.+≈§§ _#§§§ '##+# [#


You could see a lindwurm.

Vanquished Creatures
  2 kobold demonologists (D)
  2 demonic crawlers (D)
  A slime creature (D)
  Sigmund (D)
  A yak (D)
  A floating eye (D)
  An ogre (D)
  A jelly (D)
  Ijyb (D)
11 creatures vanquished.

Vanquished Creatures (collateral kills)
  2 demonic crawlers (D)
2 creatures vanquished.

Grand Total: 13 creatures vanquished

Notes
Turn   | Place    | Note
-------+----------+-------------------------------------------
     0 | D        | Kobolds4U the Demonspawn Berserker began the quest for the
                  | Orb.
     0 | D        | Reached XP level 1. HP: 18/18 MP: 1/1
     1 | D        | Noticed Ijyb
     8 | D        | Killed Ijyb
     8 | D        | Reached skill level 5 in Long Blades
     8 | D        | Gained mutation: You have sharp toenails. [demonic
                  | ancestry]
     8 | D        | Reached XP level 2. HP: 26/26 MP: 2/2
    78 | D        | Noticed an ogre
    82 | D        | Killed an ogre
    82 | D        | Reached skill level 7 in Long Blades
    82 | D        | Gained mutation: You sometimes gain a little power by
                  | taking damage. [demonic ancestry]
    82 | D        | Reached XP level 3. HP: 34/34 MP: 3/3
    82 | D        | Gained mutation: You sometimes gain power by taking damage.
                  | [demonic ancestry]
    82 | D        | Reached XP level 4. HP: 40/40 MP: 4/4
    86 | D        | Noticed Sigmund
    91 | D        | Killed Sigmund
    91 | D        | Reached ** piety under Trog
    91 | D        | Reached skill level 9 in Long Blades
    91 | D        | Gained mutation: A weak demonic guardian rushes to your
                  | aid. [demonic ancestry]
    91 | D        | Reached XP level 5. HP: 40/49 MP: 5/5
    97 | D        | Found a deep blue altar of Sif Muna.
    98 | D        | Found an ornate altar of the Wu Jian Council.
    99 | D        | Found a radiant altar of Vehumet.
   103 | D        | Gained mutation: You have sharp fingernails. [demonic
                  | ancestry]
   103 | D        | Reached XP level 6. HP: 19/56 MP: 6/6
   106 | D        | Found Quilun's Gadget Emporium.
   106 | D        | Found an ancient bone altar of Kikubaaqudgha.
   106 | D        | Found a hazy altar of Hepliaklqana.
   106 | D        | Found a stormy altar of Qazlal.
   106 | D        | Found a hide-covered altar of Uskayaw.
   106 | D        | Found a blossoming altar of Fedhas.
   106 | D        | Found a bloodstained altar of Trog.
   106 | D        | Found an iron altar of Okawaru.
   106 | D        | Found a basalt altar of Yredelemnul.
   106 | D        | Found a glowing golden altar of the Shining One.
   106 | D        | Found a snail-covered altar of Cheibriados.
   106 | D        | Found a sacrificial altar of Ru.
   106 | D        | Found a glowing silver altar of Zin.
   106 | D        | Found a shadowy altar of Dithmenos.
   106 | D        | Found a white marble altar of Elyvilon.
   106 | D        | Noticed a yak
   107 | D        | Found an opulent altar of Gozag.
   109 | D        | Killed a yak
   109 | D        | Reached skill level 11 in Long Blades
   118 | D        | Found a viscous altar of Jiyva.
   118 | D        | Found a corrupted altar of Lugonu.
   118 | D        | Noticed a slime creature
   119 | D        | Found a burning altar of Makhleb.
   119 | D        | Found a shimmering altar of Xom.
   123 | D        | Killed a slime creature
   123 | D        | Reached *** piety under Trog
   123 | D        | Gained mutation: You have very sharp fingernails. [demonic
                  | ancestry]
   123 | D        | Reached XP level 7. HP: 24/64 MP: 7/7
   334 | D        | Found a sparkling altar of Nemelex Xobeh.
   388 | D        | Noticed a kobold demonologist
   389 | D        | Noticed a chaos spawn
   389 | D        | Noticed a kobold demonologist
   392 | D        | Reached skill level 12 in Long Blades
   401 | D        | Killed a kobold demonologist
   401 | D        | Reached skill level 10 in Fighting
   410 | D        | Killed a kobold demonologist
   410 | D        | Reached **** piety under Trog
   410 | D        | Reached skill level 13 in Long Blades
   410 | D        | Reached XP level 8. HP: 74/74 MP: 8/8
   414 | D        | Noticed a demonic crawler
   414 | D        | Noticed a demonic crawler
   414 | D        | Noticed a demonic crawler
   414 | D        | Noticed a demonic crawler
   734 | D        | Noticed a centaur warrior
   749 | D        | Killed a demonic crawler
   750 | D        | Killed a demonic crawler
   750 | D        | Reached skill level 14 in Long Blades
   755 | D        | Killed a demonic crawler
   768 | D        | Killed a demonic crawler
   979 | D        | Noticed a lindwurm
   999 | D        | HP: 2/114 [lindwurm (8)]
  1001 | D        | Killed from afar by a lindwurm

Skill      XL: |  1  2  3  4  5  6  7  8 |
---------------+-------------------------+-----
Fighting       | 4 6 7 8 9 10 11 | 11.7
Long Blades    | 5 7 9 11 13 14 | 14.4
Dodging        | 4 |  4.4
Armour         | |  1.7

Action                   |  1- 3 |  4- 6 |  7- 9 || total
-------------------------+-------+-------+-------++-------
Melee: Falchion          |     8 |    11 |    48 ||    67
       Kick              |     2 |     5 |    30 ||    37
Invok: Berserk           |       |       |     3 ||     3
       Trog's Hand       |       |       |     3 ||     3
       Brothers in Arms  |       |       |     1 ||     1
  Use: Potion            |     2 |       |     1 ||     3
       Scroll            |       |       |     1 ||     1
 Stab: Sleeping          |       |     1 |       ||     1
       Paralysed         |       |       |     1 ||     1
  Eat: Ration            |       |       |     1 ||     1
Armor: Ring mail         |       |       |    24 ||    24
Dodge: Dodged            |     3 |     2 |    66 ||    71
Block: Buckler           |       |       |     3 ||     3
       Rpst.: Falchion   |     1 |       |     8 ||     9
